 Dungeon Crawl Stone Soup version 0.27-a0-1565-gad902ab807 (webtiles) character file.

Game seed: 5752147948851558791

2132 ezpacito the Chopper (level 9, -6/53 HPs)
             Began as a Demonspawn Abyssal Knight on July 16, 2021.
             Was a Believer of Lugonu.
             Mangled by Maggie (10 damage)
             ... on level 7 of the Dungeon.
             The game lasted 00:11:14 (5727 turns).

ezpacito the Chopper (Demonspawn Abyssal Knight)    Turns: 5727, Time: 00:11:14

Health: -6/53      AC:  9    Str: 15    XL:     9   Next: 9%
Magic:  13/13      EV: 16    Int: 13    God:    Lugonu [**....]
Gold:   355        SH:  8    Dex: 14    Spells: 8/14 levels left

rFire    . . .     SeeInvis .   a - +1 hand axe
rCold    + + .     Faith    .   g - +3 buckler
rNeg     . . .     Spirit   .   d - +2 leather armour of Sirower {-Tele Fly rC+ Will+ Regen+}
rPois    .         Reflect  .   (no helmet)
rElec    .         Harm     .   l - +0 cloak
rCorr    .         Rampage  .   (gloves unavailable)
Will     +....     NoTele   +   (no boots)
Stlth    +.........             (no amulet)
HPRegen  1.17/turn              b - ring of protection from cold
MPRegen  0.13/turn              e - +4 ring of evasion

@: flying, mesmerised
A: claws 3, yellow scales 2, foul stench 1, powered by death 1, talons 1, frail
2
a: Renounce Religion, Depart the Abyss, Bend Space


You were on level 7 of the Dungeon.
You worshipped Lugonu.
Lugonu was pleased with you.
You visited 2 branches of the dungeon, and saw 8 of its levels.
You visited the Abyss 1 time.

You collected 355 gold pieces.

Inventory:

Hand Weapons
 a - a +1 hand axe (weapon)
 k - a +2 dire flail of protection
Missiles
 i - 95 stones (quivered)
 q - 6 javelins
Armour
 d - the +2 leather armour of Sirower (worn) {-Tele Fly rC+ Will+ Regen+}
   (You found it on level 2 of the Abyss)

   rC:        It protects you from cold.
   Fly:       It grants you flight.
   -Tele:     It prevents most forms of teleportation.
   Regen:     It increases your rate of health regeneration.
   Will:      It increases your willpower.
 g - a +3 buckler (worn)
 l - a +0 cloak (worn)
 m - a +3 scale mail of cold resistance
 s - the +2 leather armour of Byleemm {Fly rC+}
   (You found it on level 5 of the Dungeon)

   rC:        It protects you from cold.
   Fly:       It grants you flight.
 u - the +1 robe of Gozag's Grace {Rampage}
   (You found it on level 6 of the Dungeon)

   Rampage:   It bestows one free step when moving towards enemies.
Jewellery
 b - a ring of protection from cold (left claw)
 e - a +4 ring of evasion (right claw)
 o - a ring of ice
Wands
 h - a wand of iceblast (14)
 t - a wand of digging (5)
Scrolls
 j - a scroll of vulnerability
 n - a scroll of magic mapping
 r - a scroll of teleportation
 z - a scroll of enchant weapon
Potions
 c - 2 potions of flight
 f - a potion of brilliance
 p - a potion of curing


   Skills:
 + Level 4.9 Fighting
 * Level 5.3 Axes
 + Level 2.6 Throwing
 + Level 3.9 Armour
 - Level 2.6 Dodging
 + Level 3.1 Shields
 + Level 3.0 Spellcasting
 + Level 2.7 Hexes
 + Level 2.7 Summonings
 + Level 5.1 Invocations
 + Level 1.6 Evocations


You had 8 spell levels left.
You knew the following spells:

 Your Spells              Type           Power      Damage    Failure   Level
b - Call Canine Familiar  Summ           9%         N/A       30%         3
c - Summon Guardian Gole  Hex/Summ       9%         N/A       30%         3

Your spell library contained the following spells:

 Spells                   Type           Power      Damage    Failure   Level
 Summon Small Mammal      Summ           36%        N/A       10%         1
 Beastly Appendage        Tmut           2%         N/A       30%         1
 Wereblood                Tmut           1%         N/A       43%         2
 Spider Form              Tmut/Pois      0%         N/A       67%         3
 Summon Forest            Summ/Tloc      2%         N/A       99%         5
 Eringya's Noxious Bog    Tmut/Pois      0%         N/A       100%        6
 Summon Hydra             Summ           4%         N/A       100%        7


Dungeon Overview and Level Annotations

Branches:
Dungeon (7/15)             Temple (1/1) D:5

Altars:
Ashenzari
Cheibriados
Dithmenos
Elyvilon
Fedhas
Gozag
Hepliaklqana
Kikubaaqudgha
Makhleb
Nemelex Xobeh
Okawaru
Qazlal
Ru
Sif Muna
Trog
Uskayaw
Vehumet
Wu Jian
Xom
Yredelemnul
Zin
The Shining One

Annotations:
D:7 Maggie


Innate Abilities, Weirdness & Mutations

You have claws for hands.
You are mostly covered in yellow scales. (AC +3)
You may rarely emit foul miasma when damaged in melee.
You regenerate a little health from kills.
You have sharp toenails.
You are very frail. (-20% HP)


Message History

You are mesmerised by Maggie!
Maggie gestures at you while chanting. The bolt of fire hits you!!
Ouch! That really hurt!
* * * LOW HITPOINT WARNING * * *
You feel better.
Maggie hits you with a +1 morningstar of flaming!
* * * LOW HITPOINT WARNING * * *
Maggie burns you.
* * * LOW HITPOINT WARNING * * *
You emit a cloud of foul miasma!
Unknown command.
You cannot teleport because you are wearing the +2 leather armour of Sirower {-Tele Fly rC+ Will+ Regen+}.
As you read the scroll of fog, it crumbles to dust.
The scroll dissolves into smoke.
Maggie is engulfed in dark miasma.
Maggie is poisoned.
Maggie casts a spell.
Maggie draws you further into her thrall.
You hit Maggie.
Maggie is lightly wounded.
Maggie is engulfed in dark miasma.
Maggie looks even sicker.
Maggie casts a spell.
Maggie draws you further into her thrall.
You closely miss Maggie.
Maggie is lightly wounded.
Maggie is engulfed in dark miasma.
Maggie looks even sicker.
Maggie seems to slow down.
Maggie hits you with a +1 morningstar of flaming.
* * * LOW HITPOINT WARNING * * *
Maggie burns you.
* * * LOW HITPOINT WARNING * * *
You closely miss Maggie.
Maggie is lightly wounded.
Unknown command.
You closely miss Maggie. You claw Maggie, but do no damage.
Maggie is lightly wounded.
Maggie is engulfed in dark miasma.
Maggie looks as sick as possible!
Maggie seems to slow down.
Maggie hits you with a +1 morningstar of flaming!
You die...

#. #. #.# #. #.##
##.###..###
#.§§§.....#
#.#§#§#.#.## #.#
##.§§§§§....# #.#
#..#§#§#.#..# #.#
#..§@@§§....# #.#
#§§#§#§#.#..####.#
#§.§§§§§§.....##.#
#§.#.#§#.#.##.##.#
#..§.§.§...##.##.###
....................#
#.#.........###.####.#
....#.......###.# #.##
#...#.#...# #..#


You could see Maggie (mesmerising, extremely poisoned, slow).

Vanquished Creatures
  Grinder (D:4)
  Prince Ribbit (D:6)
  Eustachio (D:6)
  Menkaure (D:6)
  Edmund (D:3)
  2 sky beasts
  An orc warrior (D:5)
  2 necrophages
  An ogre (D:2)
  A scorpion (D:6)
  A water moccasin zombie (D:6)
  A howler monkey (D:5)
  A bullfrog zombie (D:5)
  2 hounds
  A jelly (D:5)
  3 orc priests
  A gnoll shaman (D:6)
  A bullfrog skeleton (D:5)
  2 iguanas
  5 orc wizards
  8 gnolls
  8 adders
  An ufetubus (D:4)
  An adder skeleton (D:4)
  A worm (D:2)
  2 dart slugs (D:4)
  5 orcs
  5 endoplasms
  3 giant cockroaches
  9 hobgoblins
  8 jackals
  3 quokkas
  6 ball pythons
  4 bats
  5 frilled lizards
  8 goblins
  6 kobolds
  3 rats (D:1)
116 creatures vanquished.

Vanquished Creatures (others)
  3 fungi (D:3)
  3 plants (D:3)
6 creatures vanquished.

Grand Total: 122 creatures vanquished

Notes
Turn   | Place    | Note
-------+----------+-------------------------------------------
     0 | Abyss:1  | ezpacito the Demonspawn Abyssal Knight began the quest for
                  | the Orb.
     0 | Abyss:1  | Reached XP level 1. HP: 18/18 MP: 2/2
   126 | Abyss:2  | Noticed a spatial maelstrom
   126 | Abyss:2  | Identified the +2 leather armour of Sirower {-Tele Fly rC+
                  | Will+ Regen+}
   145 | Abyss:2  | Noticed a starcursed mass
   171 | D:1      | Escaped the Abyss
   368 | D:1      | Found Baman's Antique Armour Emporium.
   486 | D:1      | Gained mutation: You may rarely emit foul miasma when
                  | damaged in melee. [demonic ancestry]
   486 | D:1      | Reached XP level 2. HP: 24/24 MP: 3/3
   503 | D:1      | Reached * piety under Lugonu
   745 | D:1      | Reached skill level 1 in Dodging
  1253 | D:2      | Gained mutation: You are partially covered in yellow
                  | scales. (AC +2) [demonic ancestry]
  1253 | D:2      | Reached XP level 3. HP: 29/29 MP: 4/4
  1505 | D:2      | Found a faded altar of an unknown god.
  1648 | D:2      | Gained mutation: You have sharp fingernails. [demonic
                  | ancestry]
  1648 | D:2      | Reached XP level 4. HP: 35/35 MP: 4/6
  2031 | D:3      | Noticed an ogre
  2322 | D:3      | Reached ** piety under Lugonu
  2360 | D:3      | Reached skill level 1 in Shields
  2360 | D:3      | Gained mutation: You have very sharp fingernails. [demonic
                  | ancestry]
  2360 | D:3      | Reached XP level 5. HP: 38/42 MP: 7/7
  2429 | D:3      | Found a stormy altar of Qazlal.
  2432 | D:3      | Found a radiant altar of Vehumet.
  2438 | D:3      | Found an iron altar of Okawaru.
  2467 | D:3      | Found a burning altar of Makhleb.
  2487 | D:3      | Reached skill level 1 in Spellcasting
  2628 | D:2      | Killed an ogre
  2629 | D:2      | Gained mutation: You have claws for hands. [demonic
                  | ancestry]
  2629 | D:2      | Reached XP level 6. HP: 20/48 MP: 8/8
  2700 | D:4      | Noticed Edmund
  2815 | D:2      | Learned a level 1 spell: Summon Small Mammal
  2819 | D:2      | Learned a level 3 spell: Call Canine Familiar
  2823 | D:2      | Learned a level 3 spell: Summon Guardian Golem
  2828 | D:3      | Killed Edmund
  2929 | D:4      | Noticed Grinder
  2976 | D:4      | Killed Grinder
  2977 | D:4      | Reached skill level 1 in Throwing
  2977 | D:4      | Reached skill level 1 in Hexes
  2977 | D:4      | Reached skill level 1 in Summonings
  2977 | D:4      | Gained mutation: You are mostly covered in yellow scales.
                  | (AC +3) [demonic ancestry]
  2977 | D:4      | Reached XP level 7. HP: 54/54 MP: 9/9
  3607 | D:5      | Entered Level 5 of the Dungeon
  3610 | D:5      | Identified the +2 leather armour of Byleemm {Fly rC+}
  3911 | D:5      | Found a staircase to the Ecumenical Temple.
  3939 | D:5      | Gained mutation: You regenerate a little health from kills.
                  | [demonic ancestry]
  3939 | D:5      | Reached XP level 8. HP: 61/61 MP: 11/11
  3942 | Temple   | Entered the Ecumenical Temple
  4542 | D:5      | Found a basalt altar of Yredelemnul.
  4753 | D:6      | Identified the +1 robe of Gozag's Grace {Rampage}
  4833 | D:6      | Found a sacrificial altar of Ru.
  4868 | D:6      | Noticed Prince Ribbit
  4911 | D:6      | Noticed Eustachio
  4931 | D:6      | Killed Eustachio
  4932 | D:6      | Reached skill level 1 in Evocations
  5070 | D:6      | Gained mutation: You have sharp toenails. [potion of
                  | mutation]
  5070 | D:6      | Gained mutation: You are frail. (-10% HP) [potion of
                  | mutation]
  5070 | D:6      | Gained mutation: You are very frail. (-20% HP) [potion of
                  | mutation]
  5076 | D:6      | Reached skill level 5 in Axes
  5097 | D:6      | Killed Prince Ribbit
  5098 | D:6      | Reached skill level 5 in Invocations
  5128 | D:6      | Reached XP level 9. HP: 53/53 MP: 13/13
  5245 | D:6      | Noticed Menkaure
  5259 | D:6      | Killed Menkaure
  5351 | D:6      | Found a sparkling altar of Nemelex Xobeh.
  5715 | D:7      | Noticed Maggie
  5725 | D:7      | HP: 1/53 [Maggie (2)]
  5727 | D:7      | Mangled by Maggie

Illustrated notes

Levels and vault maps discovered:
D:1:      beargit_arrival_greenhouse, layout_basic, serial_shops,
          nicolae_square_shop, corexii_item_surrounded_by_moat
D:2:      layout_basic, serial_curves, eino_curves_02, eino_curves_03,
          hellmonk_ecumenical_altar_zigzags
D:3:      layout_rooms, mainiacjoe_overflow_boulevard,
          grunt_temple_overflow_diamond
D:4:      layout_gridville, uniq_edmund, uniq_grinder
D:5:      layout_basic, marbit_many_paths, elyvilon_altar_3,
          minmay_temple_entry_sparse_star
D:6:      layout_basic, old_standard_altar, mainiacjoe_overflow_24_doors,
          uniq_menkaure, uniq_prince_ribbit1, uniq_eustachio
D:7:      layout_loops_ring, serial_co_window_serial, co_window_paths_a,
          co_window_corner_a, co_window_paths_a, co_window_paths_b,
          co_window_corner_a, co_window_unsneaky_path_a,
          co_window_of_opportunity_b, co_window_cross_2, co_window_4corner_b,
          glass_columns_c, glass_columns_b, glass_columns_a, glass_columns_c,
          serial_shops, shop, nicolae_shop_gadgets, uniq_maggie
Temple:   eino_narrow_crystal_temple

Skill      XL: |  1  2  3  4  5  6  7  8  9 |
---------------+----------------------------+-----
Axes           | 2 3 4 5 |  5.3
Armour         | 2 3 |  3.9
Dodging        | 1 2 |  2.6
Shields        | 1 2 3 |  3.1
Invocations    | 3 4 5 |  5.1
Spellcasting   | 1 2 3 |  3.0
Fighting       | 4 |  4.9
Throwing       | 1 2 |  2.6
Hexes          | 1 2 |  2.7
Summonings     | 1 2 |  2.7
Evocations     | 1 |  1.6

Action                   |  1- 3 |  4- 6 |  7- 9 || total
-------------------------+-------+-------+-------++-------
Melee: Hand axe          |   124 |   175 |   373 ||   672
       Kick              |       |       |    13 ||    13
Throw: Stone             |       |     2 |       ||     2
Invok: Depart the Abyss  |     1 |       |       ||     1
       Bend Space        |       |     7 |       ||     7
  Use: Scroll            |       |     9 |     7 ||    16
       Potion            |       |     2 |     9 ||    11
 Stab: Sleeping          |       |       |     1 ||     1
Armor: Leather armour    |    54 |    69 |    76 ||   199
       Skin              |       |       |    47 ||    47
Dodge: Dodged            |    68 |   118 |   230 ||   416
Block: Buckler           |    14 |    49 |   131 ||   194

Table legend: (Time is in decaauts)
 A = Elapsed time spent in this place.
 B = Non-inter-level travel time spent in this place.
 C = Inter-level travel time spent in this place.
 D = Time resting spent in this place.
 E = Time spent auto-exploring this place.
 F = Levels seen in this place.
 G = Mean time per level.
                   A        B        C        D        E       F      G
               +--------+--------+--------+--------+--------+-----+--------+
         Total |   5830 |   5512 |    318 |    142 |   3835 |  10 |  583.0 |
       Dungeon |   5489 |   5183 |    306 |    142 |   3556 |   7 |  784.1 |
        Temple |    170 |    158 |     12 |      0 |    158 |   1 |  170.0 |
         Abyss |    170 |    170 |      0 |      0 |    121 |   2 |   85.0 |
               +--------+--------+--------+--------+--------+-----+--------+

Top non-repeatable levels by time:
     D:1: 1102 daAuts
     D:2: 1041 daAuts
     D:5: 969 daAuts
     D:6: 902 daAuts
     D:4: 785 daAuts
     D:3: 588 daAuts
  Temple: 170 daAuts
 Abyss:1: 112 daAuts
     D:7: 98 daAuts
 Abyss:2: 58 daAuts
